Map: White Rabbit LE

Players

Calyx

  • Race: Terran Terran
  • League: Grandmaster
  • Spawn Location: 7:00

A.I. 1 (Very Easy) - Winner!

  • Race: Protoss Protoss
  • Spawn Location: 1:00

VOD

Have the link to the VOD?

Description

Time

  • Played on: Dec. 9, 2025, 11:14 a.m.
  • Length: 5:37
Show
View Real Time Build Order
Export as new Build Order

Calyx Terran 

Build Orders: Reaper Expand 

Get SALT Encoding   

  12  0:00  SCV  
  13  0:12  SCV  
  14  0:16  Supply Depot  
  14  0:24  SCV  
  15  0:38  SCV  
  15  0:39  Barracks  
  16  0:44  Refinery  
  16  0:50  SCV  
  17  1:02  SCV  
  18  1:14  SCV  
  19  1:26  Reaper  
  19  1:27  Orbital Command  
  20  1:37  Command Center  
  20  1:48  Barracks  
  20  1:53  SCV  
  21  1:59  Barracks Reactor  
  21  2:02  Supply Depot  
  21  2:05  SCV  
  22  2:17  SCV, Barracks  
  23  2:29  SCV  
  24  2:31  Bunker  
  24  2:35  Barracks Tech Lab, Marine x2  
  26  2:41  SCV  
  27  2:49  Orbital Command  
  27  2:53  SCV, Marine x2  
  27  2:54  Marine  
  31  3:05  SCV  
  32  3:07  Engineering Bay  
  32  3:10  Barracks Tech Lab, Marine  
  33  3:13  Marine  
  33  3:14  Marine  
  33  3:17  SCV x2  
  37  3:22  Supply Depot  
  37  3:28  Marine  
  37  3:29  SCV x2  
  37  3:30  Marine  
  37  3:31  Marine x2  
  43  3:39  Terran Infantry Weapons Level 1  
  44  3:41  SCV x2  
  44  3:45  Supply Depot  
  45  3:48  Marine  
  45  3:49  Marine  
  45  3:51  Marine x2  
  45  3:53  SCV  
  45  3:54  SCV, Stimpack  
  51  4:05  SCV  
  51  4:06  SCV, Marine x2  
  51  4:09  Marauder  
  59  4:10  Supply Depot, Marauder  
  59  4:12  Combat Shield  
  59  4:17  SCV  
  59  4:18  Supply Depot  
  60  4:24  Marine x2  
  62  4:32  SCV x2, Marauder x2  
  68  4:41  Refinery x2  
  68  4:42  Marine x2  
  68  4:43  Supply Depot  
  68  4:44  SCV x2  
  72  4:55  Supply Depot  
  72  4:56  SCV x2  
  72  4:58  Refinery  
  72  4:59  Marine x2  
  76  5:08  SCV x2, Factory  
  78  5:19  Marine  
  78  5:20  SCV x2  
  84  5:23  Command Center  
Show
View Real Time Build Order
Export as new Build Order

A.I. 1 (Very Easy) Protoss - Winner!

Build Orders:  

Get SALT Encoding   

  12  0:00  Probe  
  13  0:13  Probe  
  14  0:19  Pylon  
  14  0:36  Assimilator  
  14  0:42  Gateway  
  14  0:45  Pylon  
  14  1:14  Assimilator  
  14  1:15  Probe  
  14  1:23  Probe  
  15  1:31  Probe  
  16  1:33  Cybernetics Core  
  17  1:42  Probe  
  18  1:54  Probe  
  18  1:59  Warp Gate  
  19  2:03  Probe  
  19  2:06  Stalker  
  22  5:31  Zealot  
  23  5:36  Pylon  
Tags
 
Add a new tag
Caveats
  • Supply blocks, unpowered buildings, or Contaminate may cause inaccurate times.
  • Supply counts are checked every 10 seconds.